[Event "ICC tourney 2287 (60 10)"]
[Site "Internet Chess Club"]
[Date "2021.01.10"]
[Round "6"]
[White "bhavyat"]
[Black "phosur"]
[Result "1-0"]
[ICCResult "Black resigns"]
[WhiteElo "1475"]
[BlackElo "1347"]
[Opening "Queen's pawn, Mason variation"]
[ECO "D00"]
[NIC "QP.08"]
[Time "16:01:04"]
[PlyCount "83"]
[TimeControl "3600+10"]

1. d4 d5 2. Bf4 Nf6 3. e3 e6 4. c3 Bd6 5. Bg3 O-O 6. Nf3 c5 7. Nbd2 Nc6 8.
Bd3 c4 9. Bc2 b5 10. Bxd6 Qxd6 11. O-O e5 12. dxe5 Nxe5 13. Nxe5 Qxe5 14.
Nf3 Qe7 15. Nd4 Bg4 16. Qd2 a6 17. h3 Bd7 18. Rfe1 Ne4 19. Bxe4 dxe4 20.
Red1 Qg5 21. Kh2 Qe5+ 22. Kg1 f5 23. Ne2 Be6 24. Nf4 Rad8 25. Qxd8 Rxd8 26.
Rxd8+ Kf7 27. Nxe6 Qxe6 28. Rad1 Qb6 29. R1d7+ Ke6 30. Rd6+ Qxd6 31. Rxd6+
Kxd6 32. Kf1 Kc5 33. Ke2 b4 34. Kd2 a5 35. cxb4+ Kxb4 36. Kc2 a4 37. a3+
Kc5 38. Kc3 g6 39. f3 h5 40. fxe4 fxe4 41. h4 Kb5 42. Kd4 { Black resigns }
1-0

[Event "ICC tourney 2287 (60 10)"]
[Site "Internet Chess Club"]
[Date "2021.01.10"]
[Round "6"]
[White "cherrychopper"]
[Black "thihansa"]
[Result "0-1"]
[ICCResult "White resigns"]
[WhiteElo "1380"]
[BlackElo "1231"]
[Opening "French: advance, Paulsen attack"]
[ECO "C02"]
[NIC "FR.03"]
[Time "16:00:26"]
[PlyCount "210"]
[TimeControl "3600+10"]

1. e4 e6 2. d4 d5 3. e5 c5 4. c3 Nc6 5. Nf3 Qb6 6. a3 c4 7. Be2 Bd7 8. O-O
O-O-O 9. Ng5 Be8 10. Bh5 g6 11. Bg4 h6 12. Nf3 Be7 13. a4 Na5 14. Nbd2 h5
15. Bh3 g5 16. g4 hxg4 17. Bxg4 Nh6 18. h3 Nxg4 19. hxg4 Rh7 20. Qc2 Rh6
21. Nb1 Rg6 22. Bd2 Bd7 23. Na3 a6 24. Rab1 Nb3 25. a5 Qxa5 26. Kg2 Ba4 27.
Qd1 Nc5 28. b4 Bxd1 29. bxa5 Bxf3+ 30. Kxf3 Nb3 31. Nxc4 dxc4 32. Be3 Nxa5
33. Ra1 Nb3 34. Ra4 Rd5 35. Rxc4+ Kd7 36. Rb1 b5 37. Rxb3 bxc4 38. Rb7+ Ke8
39. Ra7 a5 40. Rb7 a4 41. Rb1 a3 42. Rh1 a2 43. Rh8+ Bf8 44. Rh1 Ra5 45.
Ra1 Ba3 46. Rxa2 Bb4 47. Rb2 Bxc3 48. Rb8+ Ke7 49. Rb7+ Kd8 50. Rb8+ Kc7
51. Rf8 Rg7 52. Re8 Rd5 53. Re7+ Rd7 54. Re8 Bxd4 55. Bd2 Bxe5 56. Ba5+ Kb7
57. Rh8 c3 58. Rh1 c2 59. Rc1 Rc7 60. Bxc7 Bxc7 61. Rxc2 f5 62. Rc4 fxg4+
63. Kxg4 Bf4 64. Rb4+ Kc6 65. Re4 e5 66. Ra4 Rh7 67. Ra6+ Kb5 68. Rg6 Rh2
69. f3 Rg2+ 70. Kf5 Re2 71. Rg8 Kc4 72. Rc8+ Kd4 73. Ra8 Ke3 74. Ra3+ Kf2
75. Kg4 Re3 76. Ra2+ Re2 77. Ra1 Kg2 78. Ra8 Kf2 79. Ra1 e4 80. fxe4 Rxe4
81. Ra2+ Re2 82. Ra3 Re3 83. Ra2+ Ke1 84. Ra1+ Kd2 85. Ra2+ Kc3 86. Ra3+
Kb4 87. Ra1 Kb3 88. Rb1+ Kc2 89. Rg1 Kd3 90. Rd1+ Ke4 91. Rg1 Ke5 92. Kh5
Kf5 93. Kh6 Kf6 94. Kh5 Kf5 95. Kh6 Rg3 96. Rb1 Rg2 97. Rb5+ Be5 98. Kh7
Rb2 99. Rc5 Rb8 100. Rxe5+ Kxe5 101. Kg6 Rf8 102. Kxg5 Rg8+ 103. Kh6 Kf6
104. Kh7 Rg1 105. Kh8 Kf7 { White resigns } 0-1

[Event "ICC tourney 2287 (60 10)"]
[Site "Internet Chess Club"]
[Date "2021.01.10"]
[Round "6"]
[White "fluffyfloofers"]
[Black "rvidapu3"]
[Result "0-1"]
[ICCResult "White checkmated"]
[WhiteElo "1157"]
[BlackElo "1209"]
[Opening "French: Tarrasch, open variation"]
[ECO "C07"]
[NIC "FR.18"]
[Time "16:00:19"]
[PlyCount "130"]
[TimeControl "3600+10"]

1. e4 e6 2. d4 d5 3. Nd2 c5 4. Ngf3 Nc6 5. c3 Bd7 6. Bd3 Nge7 7. O-O Ng6 8.
b3 Be7 9. Re1 O-O 10. Bb2 Rc8 11. Rc1 a6 12. a4 Qb6 13. Bc2 Bd6 14. exd5
exd5 15. c4 Nce7 16. cxd5 Nxd5 17. Nc4 Qc6 18. Nxd6 Qxd6 19. dxc5 Qc6 20.
Be4 Be6 21. Qd4 f6 22. Bxg6 hxg6 23. Ng5 Rce8 24. Red1 Nc7 25. Nxe6 Nxe6
26. Qd5 Qxd5 27. Rxd5 Nf4 28. Rd2 Ne2+ 29. Rxe2 Rxe2 30. Bd4 Rfe8 31. Bc3
Rc8 32. b4 Kf7 33. Kf1 Re4 34. f3 Rc4 35. Ke2 b5 36. axb5 axb5 37. Kd3 Rd8+
38. Ke3 Ke6 39. Bd2 Rxc1 40. Bxc1 Kd5 41. Kd3 Kc6+ 42. Kc3 f5 43. Bg5 Rd5
44. Be7 Re5 45. Bd6 Re2 46. g3 Rxh2 47. g4 Rh3 48. gxf5 Rxf3+ 49. Kd4 gxf5
50. Bf8 g5 51. Bd6 g4 52. Ke5 g3 53. Kd4 f4 54. Ke4 g2 55. Kxf3 g1=Q 56.
Kxf4 Qd4+ 57. Kf5 Qxb4 58. Ke6 Qe4+ 59. Be5 Kxc5 60. Kf6 Kd5 61. Bb2 Qe6+
62. Kg5 Ke4 63. Kh4 Qf5 64. Bc1 Kf3 65. Bf4 Qg4# { White checkmated } 0-1

[Event "ICC tourney 2287 (60 10)"]
[Site "Internet Chess Club"]
[Date "2021.01.10"]
[Round "6"]
[White "sswagatha"]
[Black "chessrani20"]
[Result "1-0"]
[ICCResult "Black checkmated"]
[WhiteElo "1301"]
[BlackElo "1095"]
[Opening "King's Indian defense, 3.Nc3"]
[ECO "E61"]
[NIC "KI.80"]
[Time "16:00:22"]
[PlyCount "99"]
[TimeControl "3600+10"]

1. d4 Nf6 2. c4 g6 3. Nc3 Bg7 4. Nf3 O-O 5. Bf4 d6 6. e3 Bf5 7. Be2 Re8 8.
O-O Nbd7 9. Rc1 e5 10. dxe5 dxe5 11. Bg5 Nc5 12. b4 Qxd1 13. Rcxd1 Nce4 14.
Nxe4 Nxe4 15. Rc1 Bg4 16. Bh4 Bf6 17. Bxf6 Nxf6 18. h3 Bxf3 19. Bxf3 e4 20.
Be2 Nd7 21. Rfe1 f5 22. f3 c5 23. fxe4 Rxe4 24. Bf3 Re7 25. Bxb7 Rb8 26.
Bd5+ Kg7 27. b5 Ne5 28. Rcd1 Rd8 29. e4 Red7 30. Rb1 fxe4 31. Rxe4 Nf7 32.
a4 Kf8 33. Rf1 Re8 34. Ref4 Ree7 35. a5 Kg7 36. Rxf7+ Rxf7 37. Rxf7+ Rxf7
38. Bxf7 Kxf7 39. b6 axb6 40. axb6 Ke7 41. b7 Ke6 42. b8=Q Kf5 43. Qb5 Ke4
44. Qxc5 Kd3 45. Kf2 Kc3 46. Ke2 Kb3 47. Kd2 Kb2 48. Qb4+ Ka1 49. Kc2 Ka2
50. Qb2# { Black checkmated } 1-0

[Event "ICC tourney 2287 (60 10)"]
[Site "Internet Chess Club"]
[Date "2021.01.10"]
[Round "6"]
[White "che8642"]
[Black "Il123"]
[Result "1/2-1/2"]
[ICCResult "Game drawn by mutual agreement"]
[WhiteElo "1563"]
[BlackElo "1461"]
[Opening "Queen's pawn game"]
[ECO "A45"]
[NIC "QP.07"]
[Time "16:00:34"]
[PlyCount "152"]
[TimeControl "3600+10"]

1. d4 Nf6 2. Nc3 e6 3. Bf4 d5 4. a3 c5 5. e3 Nc6 6. Nb5 e5 7. Bxe5 Nxe5 8.
dxe5 Ng4 9. Qxd5 Qxd5 10. Nc7+ Kd8 11. Nxd5 Nxe5 12. O-O-O Bd7 13. Be2 Rc8
14. h3 Ke8 15. Nf3 Nc6 16. Rd2 Be7 17. Rhd1 Be6 18. Nxe7 Kxe7 19. Ng5 Rcd8
20. Nxe6 Kxe6 21. Bg4+ f5 22. Bf3 Rxd2 23. Rxd2 Nd8 24. Bd5+ Ke7 25. g3 b6
26. e4 fxe4 27. Bxe4 Ne6 28. c3 g6 29. h4 Rf8 30. Bc6 Rd8 31. Rxd8 Nxd8 32.
Bd5 Kf6 33. Kd2 Ke5 34. c4 h6 35. Ke3 Kf5 36. f3 h5 37. b3 a6 38. a4 a5 39.
Kd3 Ke5 40. Ke3 Kf5 41. Be4+ Kf6 42. g4 hxg4 43. fxg4 Ne6 44. g5+ Kg7 45.
Bc2 Nd4 46. Bd1 Kf7 47. h5 gxh5 48. Bxh5+ Kg7 49. Bd1 Ne6 50. Ke4 Kf7 51.
Ke5 Ke7 52. g6 Ng7 53. Bg4 Ne8 54. Be6 Ng7 55. Bf7 Nh5 56. Kf5 Ng7+ 57. Kg5
Kf8 58. Kh6 Nf5+ 59. Kh7 Ng7 60. Kh6 Nf5+ 61. Kg5 Ng7 62. Kf6 Nh5+ 63. Ke6
Ng7+ 64. Kd6 Nf5+ 65. Kc6 Nd4+ 66. Kxb6 Nxb3 67. Kb5 Kg7 68. Kb6 Kf6 69.
Kc6 Kg7 70. Kd6 Kh6 71. Bd5 Kxg6 72. Bf3 Nd2 73. Be2 Ne4+ 74. Ke5 Nc3 75.
Bd3+ Kf7 76. Bc2 Na2 { Game drawn by mutual agreement } 1/2-1/2

[Event "ICC tourney 2287 (60 10)"]
[Site "Internet Chess Club"]
[Date "2021.01.10"]
[Round "6"]
[White "mnm1"]
[Black "VickyV2011"]
[Result "1-0"]
[ICCResult "Black checkmated"]
[WhiteElo "1508"]
[BlackElo "1056"]
[Opening "Scandinavian (center counter) defense"]
[ECO "B01"]
[NIC "SD.02"]
[Time "16:00:54"]
[PlyCount "49"]
[TimeControl "3600+10"]

1. e4 d5 2. exd5 Qxd5 3. Nc3 Qd8 4. Nf3 Nf6 5. Bc4 Bf5 6. d4 e6 7. O-O c6
8. a3 Bg4 9. Bg5 Bxf3 10. Qxf3 Qxd4 11. Rad1 Qe5 12. Ne4 Be7 13. Rfe1 Nxe4
14. Bxe7 Kxe7 15. Rxe4 Qc7 16. Rde1 Qd7 17. Rf4 Ke8 18. Rfe4 Ke7 19. Qe3
Kf8 20. Bxe6 fxe6 21. Rxe6 Na6 22. Re7 Qd5 23. Qf4+ Kg8 24. Re8+ Rxe8 25.
Rxe8# { Black checkmated } 1-0

[Event "ICC tourney 2287 (60 10)"]
[Site "Internet Chess Club"]
[Date "2021.01.10"]
[Round "6"]
[White "Smartypants915"]
[Black "rkanury1"]
[Result "1/2-1/2"]
[ICCResult "Game drawn by repetition"]
[WhiteElo "1505"]
[BlackElo "1672"]
[Opening "Queen's pawn: stonewall attack"]
[ECO "D00"]
[NIC "QP.08"]
[Time "16:00:19"]
[PlyCount "132"]
[TimeControl "3600+10"]

1. d4 d5 2. e3 Nf6 3. Bd3 c5 4. c3 e6 5. f4 Be7 6. Nf3 Nbd7 7. O-O O-O 8.
Nbd2 Re8 9. Ne5 Nf8 10. Qe2 Ng6 11. Kh1 Nd7 12. Rf3 f5 13. Rh3 Ndxe5 14.
fxe5 Bg5 15. Qh5 Bh6 16. g4 Qg5 17. gxf5 exf5 18. Qxg5 Bxg5 19. Nf3 Bh6 20.
Bd2 f4 21. Rxh6 gxh6 22. exf4 Bg4 23. Kg2 c4 24. Bc2 Rf8 25. Kg3 h5 26. b3
b5 27. h3 Bxf3 28. Kxf3 Nh4+ 29. Kg3 Nf5+ 30. Kf2 h4 31. Bxf5 Rxf5 32. Kf3
h5 33. Rg1+ Kf7 34. Be1 Rg8 35. Rf1 Ke6 36. Bxh4 cxb3 37. axb3 Rc8 38. Be1
Rcf8 39. Bd2 Rg8 40. Ra1 Rf7 41. Ra6+ Kf5 42. Rh6 Rg6 43. Rxh5+ Ke6 44. h4
Rf5 45. Rh7 Rf7 46. Rxf7 Kxf7 47. f5 Rg1 48. Be3 Rb1 49. b4 Rb3 50. Bd2 Rb2
51. Ke2 Ra2 52. h5 Ra1 53. h6 Rh1 54. Bf4 Rh5 55. f6 Rh3 56. Be3 a6 57. Kf2
Kg6 58. Ke2 Rh2+ 59. Kd3 Rh3 60. Ke2 Kf7 61. Kf2 Kg6 62. Ke2 Kf7 63. Kf2
Kg6 64. Ke2 Kf7 65. Kf2 Kg6 66. Ke2 Kf7 { Game drawn by repetition }
1/2-1/2

[Event "ICC tourney 2287 (60 10)"]
[Site "Internet Chess Club"]
[Date "2021.01.10"]
[Round "6"]
[White "pusheen2019"]
[Black "PrincessOfChess"]
[Result "0-1"]
[ICCResult "White resigns"]
[WhiteElo "1499"]
[BlackElo "1526"]
[Opening "Sicilian: Alapin's variation (2.c3)"]
[ECO "B22"]
[NIC "SI.46"]
[Time "16:00:37"]
[PlyCount "104"]
[TimeControl "3600+10"]

1. e4 c5 2. c3 d5 3. exd5 Qxd5 4. d4 Nc6 5. Nf3 Bg4 6. Be2 e6 7. Be3 Nf6 8.
dxc5 Qxd1+ 9. Bxd1 a5 10. Nbd2 Be7 11. O-O O-O 12. Nd4 Bxd1 13. Raxd1 Nd5
14. Nxc6 bxc6 15. Bd4 f6 16. f3 e5 17. Bf2 Rab8 18. Nc4 Bd8 19. a4 Bc7 20.
Rb1 Rfd8 21. Be1 Nf4 22. b4 Nd3 23. Bd2 axb4 24. cxb4 Rd4 25. Na5 Bxa5 26.
bxa5 Rxb1 27. Rxb1 Rxa4 28. Kf1 Nxc5 29. Rb6 Ra2 30. Ke2 Kf7 31. Ke3 Ra3+
32. Ke2 Nb3 33. Rb7+ Kg6 34. Bb4 Ra2+ 35. Kd3 c5 36. Be1 c4+ 37. Kxc4 Nxa5+
38. Bxa5 Rxa5 39. Rb2 Ra4+ 40. Kd3 h5 41. Ke3 Kg5 42. Kf2 g6 43. Kg3 Rh4
44. Rb5 Rd4 45. h3 h4+ 46. Kf2 Rd2+ 47. Kf1 Rd7 48. Ke2 Re7 49. Ke3 f5 50.
Rb4 Ra7 51. f4+ exf4+ 52. Rxf4 Ra3+ { White resigns } 0-1

[Event "ICC tourney 2287 (60 10)"]
[Site "Internet Chess Club"]
[Date "2021.01.10"]
[Round "6"]
[White "xiaoyiyi"]
[Black "TigerSahi"]
[Result "0-1"]
[ICCResult "White checkmated"]
[WhiteElo "1422"]
[BlackElo "1662"]
[Opening "Vienna gambit: Paulsen attack"]
[ECO "C29"]
[NIC "VG.03"]
[Time "16:00:21"]
[PlyCount "222"]
[TimeControl "3600+10"]

1. e4 e5 2. Nc3 Nf6 3. f4 d5 4. fxe5 Nxe4 5. Qf3 Nxc3 6. dxc3 Nc6 7. Bb5
Be6 8. Ne2 a6 9. Bxc6+ bxc6 10. O-O Bc5+ 11. Kh1 O-O 12. Qg3 Kh8 13. Bg5
Qd7 14. Qh4 Rab8 15. b4 Bb6 16. Nf4 Bf5 17. Nh5 Rg8 18. Rf3 Bg6 19. Nf4 Be4
20. Rh3 Bf5 21. Rf3 Bxc2 22. Bf6 gxf6 23. Qxf6+ Rg7 24. Nh5 Rg8 25. Nxg7
Rxg7 26. Raf1 Qe6 27. Re1 Qxf6 28. exf6 Rg8 29. Rg3 Rxg3 30. hxg3 h6 31.
Re2 Be4 32. c4 Bd4 33. a4 Bxf6 34. b5 axb5 35. axb5 cxb5 36. cxb5 Bd3 37.
Re8+ Kg7 38. Rc8 Bxb5 39. Rxc7 d4 40. Rc5 Be2 41. Rd5 d3 42. Kg1 Bg5 43.
Kf2 Bg4 44. Rxd3 Kg6 45. Rd4 Be6 46. Kf3 Kf5 47. Ra4 Bd5+ 48. Kf2 Be7 49.
g4+ Kg6 50. Ra6+ Be6 51. Kg3 Bf6 52. Kf4 Bd5 53. Kg3 Kg7 54. Ra5 Be6 55.
Kf3 Bb3 56. Kg3 Bc3 57. Ra3 Be1+ 58. Kh2 Be6 59. Ra4 Kg6 60. Re4 Ba5 61.
Kg3 Bc7+ 62. Kf2 Kg5 63. Ra4 Bxg4 64. Kf1 Be6 65. Ra7 Be5 66. Ra5 Kf6 67.
Kf2 h5 68. Kf3 h4 69. Ra6 Kg7 70. Ke4 Bf6 71. Rb6 h3 72. gxh3 Bxh3 73. Kf4
Be6 74. Ke4 Bg5 75. Ke5 Bg4 76. Rb1 f5 77. Rf1 Kg6 78. Rf2 Bh4 79. Rg2 Kg5
80. Ra2 Bg3+ 81. Kd4 Kh4 82. Ra8 Kh3 83. Rh8+ Kg2 84. Rg8 Bd1 85. Rf8 f4
86. Ke4 f3 87. Rd8 Bc2+ 88. Ke3 f2 89. Rd2 Kg1 90. Rxf2 Bxf2+ 91. Kd2 Be4
92. Kc3 Be3 93. Kc4 Kf1 94. Kc3 Ke1 95. Kc4 Kd1 96. Kc3 Kc1 97. Kc4 Kc2 98.
Kb5 Bd5 99. Kb4 Bd4 100. Kb5 Kb3 101. Ka6 Bc6 102. Ka5 Bc5 103. Ka6 Kc4
104. Ka5 Kd5 105. Ka6 Kd6 106. Ka5 Kc7 107. Ka6 Bb4 108. Ka7 Bb5 109. Ka8
Ba3 110. Ka7 Bc5+ 111. Ka8 Bc6# { White checkmated } 0-1